 Dungeon Sprint DCSS version 0.17.2-1-ge4368a0 (webtiles) character file.

2605 mopl the Unseen (level 9, -17/47 HPs)
             Began as a Spriggan Assassin on Aug 23, 2016.
             Was an Elder of Trog.
             Killed from afar by Frances (64 damage)
             ... with an iron shot
             ... in the Dungeon (Sprint III: "The Ten Rune Challenge").
             The game lasted 00:03:43 (1017 turns).

mopl the Unseen (Spriggan Assassin)                 Turns: 1017, Time: 00:03:44

Health: -17/47     AC:  3    Str:  7    XL:     9   Next: 33%
Magic:  10/10      EV: 17    Int: 12    God:    Trog [****..]
Gold:   25         SH:  0    Dex: 21    Spells: 0 memorised, 8 levels left

rFire  . . .     SeeInvis +     a - +2 dagger
rCold  . . .     Clarity  .     c - +0 robe
rNeg   . . .     SustAt   .     (shield restricted)
rPois  .         Gourm    .     (helmet restricted)
rElec  .         Spirit   .     d - +0 cloak
rCorr  .         Warding  .     (gloves unavailable)
rMut   .         NoTele   +     (boots unavailable)
MR     +....                    (no amulet)
Stlth  ++++++++..               (no ring)
                                (no ring)

@: very quick, somewhat resistant to hostile enchantments, extraordinarily
stealthy
A: unfitting armour, see invisible, herbivore 3, speed 3, slow metabolism 2
a: Berserk, Trog's Hand, Brothers in Arms, Burn Spellbooks, Renounce Religion


You were in the Dungeon.
You worshipped Trog.
Trog was greatly pleased with you.
You were hungry.

You visited 1 branch You collected 25 gold pieces.

Inventory:

Hand Weapons
 a - a +2 dagger (weapon)
 b - a +0 blowgun
Missiles
 e - 7 poisoned needles
 f - 2 curare-tipped needles
 z - 5 needles of confusion
 A - 6 poisoned tomahawks (quivered)
 B - 4 needles of slowing
 C - 10 throwing nets
Armour
 c - a +0 robe (worn)
 d - a +0 cloak (worn)
Wands
 x - a wand of invisibility (0)
Scrolls
 m - a scroll of blinking
 n - 3 scrolls of remove curse
 p - a scroll of torment {unknown}
 q - a scroll of enchant weapon {unknown}
 u - a scroll of immolation {unknown}
 v - 2 scrolls of identify
Potions
 h - a potion of curing
 i - a potion of berserk rage {!q}
 j - 2 potions of haste
 k - 2 potions of magic
 l - a potion of might
 o - a potion of heal wounds
 s - a potion of cure mutation {!q}
 t - 3 potions of flight
Miscellaneous
 y - a phial of floods
Comestibles
 g - a bread ration
 r - 2 royal jellies
 w - 3 fruits


   Skills:
 + Level 5.2 Fighting
 + Level 7.0 Short Blades
 * Level 15.6 Throwing
 - Level 1.5 Dodging
 + Level 17.2 Stealth


You had 8 spell levels left.
You didn't know any spells.

Dungeon Overview and Level Annotations

Branches:
Dungeon (1/1)

Altars:
Cheibriados
Dithmenos
Elyvilon
Fedhas
Gozag
Kikubaaqudgha
Makhleb
Nemelex Xobeh
Okawaru
Qazlal
Ru
Sif Muna
Trog
Vehumet
Xom
Yredelemnul
Zin
The Shining One
Jiyva
Lugonu

Annotations:
D Frances, Wiglaf


Innate Abilities, Weirdness & Mutations

You are tiny and cannot use many weapons and most armour.
You have supernaturally acute eyesight.
You are a herbivore.
You cover ground extremely quickly.
You need consume almost no food.


Message History

Your two-headed ogre hits Wiglaf with a giant spiked club!
Unknown command.
Wiglaf completely misses your two-headed ogre.
Something hits your two-headed ogre!!
Your two-headed ogre dies!
Your two-headed ogre's corpse disappears in a puff of smoke!
Your ogre rages.
Wiglaf hits your ogre with a war axe of holy wrath!!!
Your ogre dies!
Your ogre's corpse disappears in a puff of smoke!
Saving game... please wait.
Level annotation: Frances, Wiglaf Welcome back, mopl the Spriggan Assassin.
Trog says: Kill them all!
Press ? for a list of commands and other information.
You fail to use your ability.
Frances mutters in a terrible tongue.
The iron shot hits you!
Ouch! That really hurt!
You die...

'#
.#+#####################
.#....#.#.#)....#......+
.##.#.)#)##.###.#......#
.'##.#.#.##.#).##......#
.#...#..#..##.)'.(.....#
▓▓▓▓▓▓▓▓▓▓▓▓▓▓▓#.......#
≈≈≈...#.......#
♣P.'@......#
♣PP#§......# ♣♣
##@###### #§g.+ #...#
#...# #####


You could see Wiglaf (wandering) and Frances.

Vanquished Creatures
  Erolcha (D)
  A deep elf priest (D)
  2 trapdoor spiders (D)
  A redback (D)
  A shadow (D)
  2 hill giants (D)
  A spatial vortex (D)
  A necrophage (D)
  3 two-headed ogres (D)
  A water elemental (D)
  A jelly (D)
  Jessica (D)
  A necromancer (D)
  A wizard (D)
  A kobold demonologist (D)
  3 humans (D)
  An ooze (D)
  A phantom (D)
  2 rats (D)
26 creatures vanquished.

Vanquished Creatures (others)
  2 draconian scorchers (D)
  A yaktaur (D)
3 creatures vanquished.

Grand Total: 29 creatures vanquished

Notes
Turn   | Place    | Note
--------------------------------------------------------------
     0 | D        | mopl the Spriggan Assassin began the quest for the Orb.
     0 | D        | Reached XP level 1. HP: 10/10 MP: 2/2
     9 | D        | Reached skill level 6 in Stealth
    11 | D        | Reached skill level 3 in Throwing
    31 | D        | Noticed Jessica
    35 | D        | Killed Jessica
    35 | D        | Reached skill level 5 in Throwing
    35 | D        | Reached skill level 7 in Stealth
    35 | D        | Reached XP level 2. HP: 14/14 MP: 3/3
    35 | D        | Reached XP level 3. HP: 18/18 MP: 4/4
    64 | D        | Reached skill level 8 in Stealth
    84 | D        | Reached skill level 6 in Throwing
   151 | D        | Gained mutation: Your flesh is heat resistant. [potion of mutation]
   151 | D        | Gained mutation: You are agile. (Dex +2) [potion of mutation]
   151 | D        | Gained mutation: You have a beak for a mouth. [potion of mutation]
   152 | D        | Gained mutation: You are partially covered in icy blue scales (AC +1). [potion of mutation]
   152 | D        | Lost mutation: You are agile. (Dex +2) [potion of mutation]
   152 | D        | Gained mutation: You tend to lose your temper in combat. [potion of mutation]
   190 | D        | Noticed a water elemental
   210 | D        | Killed a water elemental
   210 | D        | Reached skill level 8 in Throwing
   210 | D        | Reached skill level 10 in Stealth
   210 | D        | Reached XP level 4. HP: 22/22 MP: 5/5
   218 | D        | Killed a white draconian scorcher
   261 | D        | Found an iron altar of Okawaru.
   262 | D        | Found a bloodstained altar of Trog.
   262 | D        | Noticed a human
   262 | D        | Noticed a human
   264 | D        | Killed a human
   264 | D        | Reached skill level 10 in Throwing
   264 | D        | Reached skill level 12 in Stealth
   264 | D        | Reached XP level 5. HP: 25/25 MP: 6/6
   265 | D        | Killed a human
   265 | D        | Reached skill level 11 in Throwing
   265 | D        | Reached skill level 13 in Stealth
   265 | D        | Reached XP level 6. HP: 30/30 MP: 7/7
   282 | D        | Became a worshipper of Trog the Wrathful
   290 | D        | Found a radiant altar of Vehumet.
   291 | D        | Found a deep blue altar of Sif Muna.
   291 | D        | Found an ancient bone altar of Kikubaaqudgha.
   291 | D        | Noticed a wizard
   292 | D        | Noticed a sixfirhy
   292 | D        | Reached * piety under Trog
   292 | D        | Reached ** piety under Trog
   292 | D        | Killed a wizard
   292 | D        | Reached *** piety under Trog
   308 | D        | Found a glowing silver altar of Zin.
   309 | D        | Found a glowing golden altar of the Shining One.
   309 | D        | Found a white marble altar of Elyvilon.
   309 | D        | Noticed a deep elf priest
   317 | D        | Killed a deep elf priest
   317 | D        | Reached skill level 12 in Throwing
   317 | D        | Reached skill level 14 in Stealth
   317 | D        | Reached XP level 7. HP: 10/33 MP: 8/8
   366 | D        | Killed a white draconian scorcher
   429 | D        | Killed a yaktaur
   545 | D        | Found a basalt altar of Yredelemnul.
   545 | D        | Found a snail-covered altar of Cheibriados.
   545 | D        | Found a blossoming altar of Fedhas.
   545 | D        | Noticed a necrophage
   545 | D        | Noticed a necromancer
   547 | D        | Killed a necrophage
   547 | D        | Reached skill level 13 in Throwing
   548 | D        | Killed a necromancer
   555 | D        | Noticed a jelly
   556 | D        | Noticed a shadow
   558 | D        | Killed a shadow
   558 | D        | Reached skill level 15 in Stealth
   562 | D        | Killed a jelly
   567 | D        | Found a stormy altar of Qazlal.
   568 | D        | Found a sacrificial altar of Ru.
   568 | D        | Found a burning altar of Makhleb.
   568 | D        | Found a viscous altar of Jiyva.
   568 | D        | Found a shimmering altar of Xom.
   568 | D        | Found a shadowy altar of Dithmenos.
   568 | D        | Found a sparkling altar of Nemelex Xobeh.
   568 | D        | Found a corrupted altar of Lugonu.
   568 | D        | Found an opulent altar of Gozag.
   568 | D        | Noticed a spatial vortex
   572 | D        | Killed a spatial vortex
   572 | D        | Reached skill level 2 in Fighting
   572 | D        | Reached XP level 8. HP: 37/39 MP: 9/9
   582 | D        | Noticed a two-headed ogre
   582 | D        | Noticed a two-headed ogre
   587 | D        | Killed a two-headed ogre
   587 | D        | Reached **** piety under Trog
   587 | D        | Reached skill level 3 in Short Blades
   587 | D        | Reached skill level 14 in Throwing
   590 | D        | Killed a two-headed ogre
   590 | D        | Received a gift from Trog
   593 | D        | Noticed a two-headed ogre
   598 | D        | Killed a two-headed ogre
   604 | D        | Noticed a hill giant
   607 | D        | Killed a hill giant
   607 | D        | Reached skill level 3 in Fighting
   607 | D        | Reached skill level 4 in Short Blades
   612 | D        | Noticed a hill giant
   612 | D        | Noticed Erolcha
   614 | D        | Killed Erolcha
   614 | D        | Received a gift from Trog
   614 | D        | Reached ***** piety under Trog
   614 | D        | Reached skill level 4 in Fighting
   614 | D        | Reached skill level 5 in Short Blades
   614 | D        | Reached skill level 15 in Throwing
   614 | D        | Reached skill level 16 in Stealth
   614 | D        | Reached XP level 9. HP: 43/46 MP: 10/10
   615 | D        | Killed a hill giant
   615 | D        | Reached skill level 6 in Short Blades
   619 | D        | Lost mutation: Your flesh is heat resistant. [potion of cure mutation]
   619 | D        | Lost mutation: You are partially covered in icy blue scales (AC +1). [potion of cure mutation]
   619 | D        | Lost mutation: You tend to lose your temper in combat. [potion of cure mutation]
   619 | D        | Lost mutation: You have a beak for a mouth. [potion of cure mutation]
   620 | D        | Noticed a redback
   638 | D        | Noticed a trapdoor spider
   644 | D        | Killed a trapdoor spider
   644 | D        | Received a gift from Trog
   645 | D        | Killed a redback
   645 | D        | Reached skill level 5 in Fighting
   645 | D        | Reached skill level 17 in Stealth
   906 | D        | Noticed a trapdoor spider
   921 | D        | Killed a trapdoor spider
   921 | D        | Reached skill level 7 in Short Blades
  1007 | D        | Noticed Wiglaf
  1007 | D        | Noticed Frances
  1017 | D        | Killed from afar by Frances

Action                   |  1- 3 |  4- 6 |  7- 9 || total
-------------------------+-------+-------+-------++-------
Melee: Dagger            |    14 |     8 |    18 ||    40
 Fire: Blowgun           |     9 |       |     3 ||    12
Invok: Burn Spellbooks   |       |     1 |       ||     1
       Berserk           |       |     1 |       ||     1
       Brothers in Arms  |       |       |     2 ||     2
Evoke: Wand              |       |       |     1 ||     1
  Use: Scroll            |     1 |     1 |       ||     2
       Potion            |     5 |       |     1 ||     6
 Stab: Sleeping          |     5 |     2 |    10 ||    17
       Invisible         |       |       |     1 ||     1
       Held in net/web   |       |       |     1 ||     1
